 Dungeon Crawl Stone Soup version 0.29.1-15-g9cfb28693d (webtiles) character file.

Game seed: 1749621688102116709

637 hndcvy the Chopper (level 7, -3/62 HPs)
             Began as a Minotaur Fighter on Mar 5, 2023.
             Killed from afar by a steam dragon (25 damage)
             ... with a ball of steam
             ... on level 5 of the Dungeon on Mar 6, 2023.
             The game lasted 00:18:38 (4958 turns).

hndcvy the Chopper (Minotaur Fighter)               Turns: 4958, Time: 00:18:39

Health: -3/62      AC: 12    Str: 35    XL:     7   Next: 25%
Magic:  6/6        EV:  8    Int:  5    God:
Gold:   238        SH:  4    Dex:  9    Spells: 6/6 levels left

rFire   . . .      SeeInvis .   a - +0 war axe
rCold   . . .      Faith    .   c - +0 buckler
rNeg    . . .      Spirit   .   t - +0 plate armour
rPois   .          Reflect  .   (helmet restricted)
rElec   .          Harm     .   (no cloak)
rCorr   .          Rampage  .   (no gloves)
Will    .....                   (no boots)
Stlth   ..........              (no amulet)
HPRegen 0.20/turn               p - +6 ring of strength
MPRegen 0.10/turn               d - +6 ring of strength

@: no status effects
A: horns 2, retaliatory headbutt
a: no special abilities


You were on level 5 of the Dungeon.
You visited 1 branch of the dungeon, and saw 5 of its levels.

You collected 238 gold pieces.

Inventory:

Hand Weapons
 a - a +0 war axe (weapon)
Missiles
 g - 10 boomerangs
 l - 12 poisoned darts (quivered)
Armour
 b - a +0 scale mail
 c - a +0 buckler (worn)
 h - a +0 barding
 t - a +0 plate armour (worn)
Jewellery
 d - a +6 ring of strength (right hand)
 p - a +6 ring of strength (left hand)
Wands
 q - a wand of flame (22)
Scrolls
 f - 3 scrolls of immolation
 k - 2 scrolls of identify
 m - 2 scrolls of brand weapon {unknown}
 n - a scroll of blinking {unknown}
 r - a scroll of vulnerability {unknown}
Potions
 e - a potion of curing
 i - a potion of magic
 j - 2 potions of invisibility {unknown}
 o - a potion of attraction {unknown}


   Skills:
 + Level 5.6 Fighting
 + Level 6.2 Axes
 + Level 0.3 Throwing
 + Level 6.2 Armour
 + Level 1.0 Dodging
 + Level 0.5 Stealth
 + Level 4.4 Shields


You had 6 spell levels left.
You didn't know any spells.
Your spell library contained the following spells:

 Spells                   Type           Power      Damage    Failure   Level
 Apportation              Tloc           0%         N/A       99%         1
 Necrotise                Necr           0%         1d4       99%         1
 Shock                    Conj/Air       0%         1d3       99%         1
 Slow                     Hex            0%         N/A       99%         1
 Summon Small Mammal      Summ           0%         N/A       99%         1
 Portal Projectile        Hex/Tloc       0%         N/A       100%        3
 Swiftness                Air            0%         N/A       100%        3
 Tukima's Dance           Hex            0%         N/A       100%        3
 Airstrike                Air            0%         2d(0-16)  100%        4
 Blade Hands              Tmut           0%         N/A       100%        5


Dungeon Overview and Level Annotations

Branches:
Dungeon (5/15)
 Temple: D:4-7

Altars:

Shops:
D:2 [   D:3 (


Innate Abilities, Weirdness & Mutations

You have a pair of horns on your head.
You reflexively headbutt those who attack you in melee.


Message History

The iguana is almost dead.
The iguana bites you but does no damage.
You barely miss the iguana.
The iguana is almost dead.
You block the iguana's attack.
You slash the iguana!
You kill the iguana!
Found a dagger.
Found 3 stones.
You see here 3 stones.
You see here a +0 dagger.
A steam dragon comes into view.
There is an open door here.
The steam dragon hisses angrily.
The steam dragon breathes steam at you. The ball of steam hits you!
You are engulfed in a cloud of scalding steam.
You are engulfed in a cloud of scalding steam.
You slash the steam dragon!
The steam dragon is heavily wounded.
You are engulfed in a cloud of scalding steam.
The steam dragon bites you.
The steam dragon claws you but does no damage.
The steam dragon breathes steam at you. The ball of steam hits you.
You are engulfed in a cloud of scalding steam.
There is an open door here.
The steam dragon breathes steam at you. The ball of steam hits you!
You are engulfed in a cloud of scalding steam.
The steam dragon attacks as you move away!
The steam dragon bites you!
The steam dragon claws you but does no damage.
The steam dragon bites you but does no damage.
The steam dragon barely misses you.
You feel stronger.
d - a +6 ring of strength (right hand)
The steam dragon breathes steam at you. The ball of steam hits you!!
You die...

###.#(# #.....# #...#..#.#
....#.# #.....# #......#.#
###.#.# #.....# o#...#.##.#
###.#.# #.....##.....#.##.#
....#.# ##..)..####...#.#..#
###.#.###......§......#.#.#####..
.......##...§..#####..#..........
#......##.####.D..##..###.#####.#
#.......#.# #..@.....# #.#
#.....###)#######.#...###.#####
#...................>.........#
#.....###.#######.#.#.###.###.#
#.....#.....#.....[.......#
#.....#.#...#.###.#########
#.....#.#####.###..........
....#'#)......#........##
###.).........#.........#


You could see a steam dragon (catching breath).

Vanquished Creatures
  A black bear (D:5)
  2 ogres (D:5)
  A scorpion (D:4)
  A hound (D:4)
  2 orc wizards
  An iguana (D:5)
  Robin (D:2)
  10 adders
  An ufetubus (D:5)
  2 worms
  2 dart slugs
  7 orcs
  5 bats
  7 endoplasms
  2 giant cockroaches
  18 goblins
  5 hobgoblins
  4 jackals
  5 quokkas
  4 ball pythons
  2 frilled lizards
  8 kobolds
  3 rats
  A butterfly (D:5)
95 creatures vanquished.

Vanquished Creatures (others)
  15 fungi (D:5)
  5 plants (D:3)
20 creatures vanquished.

Grand Total: 115 creatures vanquished

Notes
Turn   | Place    | Note
-------+----------+-------------------------------------------
     0 | D:1      | hndcvy the Minotaur Fighter began the quest for the Orb.
     0 | D:1      | Reached XP level 1. HP: 19/19 MP: 0/0
    90 | D:1      | Found a faded altar of an unknown god.
   122 | D:1      | Got Plato's Spellbook of Beguiling
   512 | D:1      | Reached XP level 2. HP: 27/27 MP: 1/1
  1000 | D:2      | Noticed Robin
  1014 | D:2      | Reached XP level 3. HP: 22/34 MP: 2/2
  1021 | D:2      | Killed Robin
  1094 | D:2      | Found Vaupoj's Antique Armour Shop.
  1382 | D:2      | Reached XP level 4. HP: 41/41 MP: 3/3
  2564 | D:3      | Found Dauv's Antique Weapon Boutique.
  2719 | D:3      | Reached XP level 5. HP: 44/47 MP: 4/4
  2960 | D:3      | Reached skill level 5 in Armour
  3701 | D:4      | Reached skill level 5 in Fighting
  3701 | D:4      | Reached skill level 5 in Axes
  3701 | D:4      | Reached skill level 1 in Dodging
  3701 | D:4      | Reached XP level 6. HP: 47/56 MP: 5/5
  3862 | D:5      | Entered Level 5 of the Dungeon
  4322 | D:5      | Noticed a steam dragon
  4704 | D:5      | Reached XP level 7. HP: 29/61 MP: 6/6
  4944 | D:5      | Noticed a steam dragon
  4958 | D:5      | Killed from afar by a steam dragon

Illustrated notes

Levels and vault maps discovered:
D:1:      eino_arrival_water_cross, layout_loops_ring,
          shapermc_ecumenical_altar_rom_forum
D:2:      minmay_thinvault, layout_loops_cross, serial_shops, shop, uniq_robin
D:3:      layout_basic, serial_shops, nicolae_shop_overgrown_old_shop
D:4:      layout_cave_pools
D:5:      kennysheep_steamy, layout_basic, minmay_temple_entry_butterflies

Skill      XL: |  1  2  3  4  5  6 |
---------------+-------------------+-----
Fighting       | 4 5 |  5.6
Armour         | 4 5 6 |  6.2
Axes           | 3 4 5 6 |  6.2
Shields        | 4 |  4.4
Dodging        | 1 |  1.0
Throwing       | |  0.3
Stealth        | |  0.5

Action                   |  1- 3 |  4- 6 |  7- 9 || total
-------------------------+-------+-------+-------++-------
Melee: War axe           |    49 |   155 |    15 ||   219
       Headbutt          |     7 |    26 |     4 ||    37
Throw: Dart              |       |     4 |       ||     4
  Use: Potion            |     4 |     4 |       ||     8
       Scroll            |     2 |     6 |       ||     8
Armor: Scale mail        |    42 |    41 |       ||    83
       Plate armour      |       |    49 |    15 ||    64
Dodge: Dodged            |    35 |    66 |     2 ||   103
Block: Buckler           |    14 |    36 |     3 ||    53
